 Dungeon Crawl Stone Soup version 0.22-a0-240-g539252a (webtiles) character file.

41 wolfsongas the Digger (level 3, 0/19 HPs)
             Began as a Gargoyle Earth Elementalist on Feb 22, 2018.
             Slain by a gnoll
             ... wielding a +2 spear of piercing
              (3 damage)
             ... on level 2 of the Dungeon.
             The game lasted 00:03:44 (1294 turns).

wolfsongas the Digger (Gargoyle Earth Elementalist) Turns: 1294, Time: 00:03:44

Health: 0/19       AC:  5    Str: 11    XL:     3   Next: 52%
Magic:  0/6        EV: 12    Int: 14    God:
Gold:   64         SH:  0    Dex: 10    Spells: 6/7 levels left

rFire    . . .     SeeInvis .   j - +0 short sword
rCold    . . .     Gourm    .   (no shield)
rNeg     + . .     Faith    .   c - +0 robe
rPois    ∞         Spirit   .   (helmet restricted)
rElec    +         Reflect  .   (no cloak)
rCorr    .         Harm     .   (no gloves)
MR       .....                  (no boots)
Stlth    ++........             (no amulet)
HPRegen  0.06/turn              (no ring)
MPRegen  0.10/turn              (no ring)

@: no status effects
A: antennae 1, dopey 1, negative energy resistance 1, electricity resistance,
wild magic 1, unbreathing, evolution 1, petrification resistance, rot immunity,
AC +3
a: no special abilities


You were on level 2 of the Dungeon.
You were hungry.

You visited 1 branch of the dungeon, and saw 2 of its levels.

You collected 64 gold pieces.

Inventory:

Hand Weapons
 j - a +0 short sword (weapon)
Missiles
 b - 50 stones (quivered)
Armour
 c - a +0 robe (worn)
Scrolls
 e - a scroll of fear {unknown}
 f - a scroll of amnesia {unknown}
 g - a scroll of fog {unknown}
 i - a scroll of random uselessness {unknown}
Potions
 h - 2 potions of curing
Comestibles
 d - 3 rations


   Skills:
 + Level 2.1 Dodging
 - Level 2.6 Stealth
 + Level 2.5 Spellcasting
   Level 0.7 Transmutations
 + Level 4.2 Earth Magic


You had 6 spell levels left.
You knew the following spells:

 Your Spells              Type           Power        Failure   Level  Hunger
a - Sandblast             Erth           ###...       7%          1    #......


Dungeon Overview and Level Annotations

Branches:
Dungeon (2/15)

Altars:


Innate Abilities, Weirdness & Mutations

You are resistant to torment.
Your stone body is resilient. (AC +3)
You are immune to poison.
You resist negative energy. (rN+)
You are resistant to electric shocks. (rElec)
You can survive without breathing.
You are immune to petrification.
You are immune to rotting.
You have a pair of small antennae on your head.
You are dopey. (Int -2)
Your spells are a little harder to cast, but a little more powerful.
You evolve.


Message History

The gnoll misses you.
You see here a leather armour.
Casting: Sandblast (safe; 7% risk of failure)
Confirm with . or Enter, or press ? or * to list all spells.
Aiming: Sandblast (safe; 7% risk of failure)
Press: ? - help, Shift-Dir - straight line, f/p - gnoll
Aim: a gnoll, wielding a whip The blast of sand misses the gnoll.
b - 50 stones The gnoll hits you with a whip.
* * * LOW HITPOINT WARNING * * *
You feel much better. The gnoll hits you with a whip.
You barely miss the gnoll.
The gnoll hits you from afar with a spear of piercing.
The gnoll hits you with a whip.
You closely miss the gnoll. The gnoll misses you.
The gnoll hits you with a whip.
* * * LOW HITPOINT WARNING * * *
The gnoll hits you from afar with a spear of piercing.
You die...

###
################..
#.gg.[...........#
#@##############..
#.# ### ####.#
##....# ##.###.##
##.## ##.## ##.##
##.# #..# ###
#..##


You could see 2 gnolls.

Vanquished Creatures
  2 gnolls (D:2)
  A leopard gecko (D:1)
  A giant cockroach (D:1)
  2 goblins (D:1)
  4 hobgoblins (D:1)
  A kobold (D:1)
  2 ball pythons (D:1)
  3 bats (D:1)
  2 frilled lizards (D:1)
  2 rats (D:1)
20 creatures vanquished.

Notes
Turn   | Place    | Note
-------+----------+-------------------------------------------
     0 | D:1      | wolfsongas the Gargoyle Earth Elementalist began the quest for the Orb.
     0 | D:1      | Reached XP level 1. HP: 10/10 MP: 3/3
   111 | D:1      | Gained mutation: Your spells are a little harder to cast, but a little more powerful. [potion of mutation]
   111 | D:1      | Gained mutation: You are dopey. (Int -2) [potion of mutation]
   111 | D:1      | Gained mutation: You have a pair of small antennae on your head. [potion of mutation]
   111 | D:1      | Gained mutation: You evolve. [potion of mutation]
   262 | D:1      | Reached XP level 2. HP: 15/15 MP: 0/5
   846 | D:1      | Reached skill level 4 in Earth Magic
  1261 | D:2      | Reached XP level 3. HP: 19/19 MP: 4/6
  1294 | D:2      | Slain by a gnoll

Vault maps used:
D:1:      scummos_arrival_star, st_stairs_3
D:2:      gammafunk_temple_overflow_pools

Skill      XL: |  1  2 |
---------------+-------+-----
Earth Magic    | 4 |  4.2
Dodging        | 2 |  2.1
Stealth        | |  2.6
Spellcasting   | |  2.5
Transmutations | |  0.7

Action                   || total
-------------------------++-------
Melee: Unarmed           ||    51
       Short sword       ||     5
 Cast: Sandblast         ||    24
  Use: Scroll            ||     2
       Potion            ||     3
 Stab: Sleeping          ||     2
  Eat: Chunk             ||     1
Armor: Robe              ||    44
Dodge: Dodged            ||    67

Table legend:
 A = Spawn XP
 B = Non-spawn XP
 C = Spawn XP percentage of total XP
 D = Spawn monster count
 E = Non-spawn monster count
 F = Spawn count percentage of total count
 G = Total turns spent on level
                    A         B        C        D         E        F      G
               +---------+---------+-------+---------+---------+-------+---------
         Total |       0 |      59 |   0.0 |       0 |      20 |   0.0 |  1294
               +---------+---------+-------+---------+---------+-------+---------
           D:1 |       0 |      31 |   0.0 |       0 |      18 |   0.0 |  1177
           D:2 |       0 |      28 |   0.0 |       0 |       2 |   0.0 |   117
               +---------+---------+-------+---------+---------+-------+---------
